 Dungeon Crawl Stone Soup version 0.28-a0-1130-gc51a68064b (webtiles) character file.

Game seed: 17780823928647364199

94 mcbry74 the Shield-Bearer (level 4, -1/45 HPs)
             Began as a Troll Fighter on Dec 12, 2021.
             Killed from afar by a white imp (7 damage)
             ... with a puff of frost
             ... summoned by Natasha
             ... on level 3 of the Dungeon.
             The game lasted 00:04:37 (1622 turns).

mcbry74 the Shield-Bearer (Troll Fighter)           Turns: 1622, Time: 00:04:39

Health: -1/45      AC:  4    Str: 26    XL:     4   Next: 38%
Magic:  3/3        EV:  8    Int:  4    God:
Gold:   123        SH:  7    Dex:  9    Spells: 3/3 levels left

rFire   . . .      SeeInvis .     - Unarmed
rCold   . . .      Faith    .   b - +0 kite shield
rNeg    . . .      Spirit   .   a - +0 robe
rPois   .          Reflect  .   (helmet restricted)
rElec   .          Harm     .   (no cloak)
rCorr   .          Rampage  .   (gloves unavailable)
Will    .....                   (boots unavailable)
Stlth   +.........              (no amulet)
HPRegen 0.95/turn               (no ring)
MPRegen 0.08/turn               (no ring)

@: no status effects
A: large, unfitting armour, claws 3, regeneration 1, shaggy fur 1, tough skin 1
a: no special abilities


You were on level 3 of the Dungeon.
You visited 1 branch of the dungeon, and saw 3 of its levels.

You collected 123 gold pieces.

Inventory:

Missiles
 j - 66 stones (quivered)
 k - 6 javelins
 n - 6 boomerangs
Armour
 a - a +0 robe (worn)
 b - a +0 kite shield (worn)
Jewellery
 m - a ring of fire
Scrolls
 d - 2 scrolls of silence {unknown}
 f - a scroll of teleportation {unknown}
 h - a scroll of identify {unknown}
 i - a scroll of vulnerability {unknown}
Potions
 c - a potion of might
 e - a potion of haste {unknown}
 g - a potion of heal wounds {unknown}
 l - a potion of brilliance {unknown}


   Skills:
 - Level 3.0 Fighting
 + Level 0.2 Throwing
 - Level 3.0 Dodging
 - Level 3.0 Shields
 * Level 3.0 Unarmed Combat


You had 3 spell levels left.
You didn't know any spells.
Your spell library contained the following spells:

 Spells                   Type           Power      Damage    Failure   Level
 Sandblast                Erth           0%         2d4       91%         1
 Passwall                 Tmut/Erth      0%         N/A       97%         2
 Stone Arrow              Conj/Erth      0%         3d7       99%         3


Dungeon Overview and Level Annotations

Branches:
Dungeon (3/15)

Altars:

Shops:
D:1 =

Annotations:
D:3 1 runed translucent door, Crazy Yiuf, Natasha


Innate Abilities, Weirdness & Mutations

You are too large for most types of armour.
You have claws for hands.
Your natural rate of healing is unusually fast.
You are covered in fur. (AC +1)
You have tough skin. (AC +1)


Message History

Natasha is heavily wounded.
Natasha claws you but does no damage. You block the white imp's attack.
You completely miss Natasha.
Natasha is heavily wounded.
Natasha claws you.
The white imp laughs crazily.
You block the white imp's attack.
You barely miss Natasha.
Natasha is heavily wounded.
Natasha howls an incantation.
Natasha glows brightly for a moment.
Natasha casts a spell at you. The magic dart hits you!
The white imp barely misses you.
You barely miss Natasha.
Natasha is heavily wounded.
Natasha casts a spell at you. You resist with some effort.
The white imp puffs mist at you.
The white imp hits you but does no damage.
You closely miss Natasha.
Natasha is heavily wounded.
Natasha claws you. You block the white imp's attack.
You scratch Natasha.
Natasha is severely wounded.
Natasha stares at you and mumbles some strange words.
The magic dart hits you but does no damage.
The white imp hits you but does no damage.
Natasha claws you.
You barely miss Natasha.
Natasha is severely wounded.
The white imp misses you. Natasha claws you.
* * * LOW HITPOINT WARNING * * *
The white imp closely misses you.
You barely miss Natasha.
Natasha is heavily wounded.
Natasha claws you!
* * * LOW HITPOINT WARNING * * *
The white imp gestures at you. The puff of frost hits you!
You die...

#.##.....#.#
#........###.
#.#####........
#.........#####
#######.#.###.#
.#######.#.....#
...............#
########.########.#
#...5@h....#
############


You could see Natasha and a white imp (summoned).

Vanquished Creatures
  3 adders
  A gnoll (D:1)
  A worm (D:2)
  A dart slug (D:2)
  5 ball pythons
  5 endoplasms
  3 giant cockroaches
  6 hobgoblins
  4 jackals (D:1)
  3 kobolds
  2 quokkas
  4 bats
  2 frilled lizards (D:1)
  4 goblins
  5 rats
49 creatures vanquished.

Notes
Turn   | Place    | Note
-------+----------+-------------------------------------------
     0 | D:1      | mcbry74 the Troll Fighter began the quest for the Orb.
     0 | D:1      | Reached XP level 1. HP: 22/22 MP: 0/0
   114 | D:1      | Found Nexa Irph's Jewellery Shoppe.
   215 | D:1      | Reached XP level 2. HP: 29/29 MP: 1/1
   296 | D:1      | Found a faded altar of an unknown god.
   518 | D:1      | Reached XP level 3. HP: 36/36 MP: 2/2
  1086 | D:2      | Reached XP level 4. HP: 44/44 MP: 3/3
  1564 | D:3      | Found a runed translucent door.
  1565 | D:3      | Noticed Crazy Yiuf
  1605 | D:3      | Noticed Natasha
  1622 | D:3      | Killed from afar by a white imp

Illustrated notes

Levels and vault maps discovered:
D:1:      psy_arrival_whirlpool, layout_basic, serial_shops,
          nicolae_shop_behind_doors, basic_ecumenical_altar
D:2:      layout_basic, kennysheep_generic_room_14
D:3:      layout_basic, dk_noncrumbling_4, uniq_natasha, uniq_crazy_yiuf_cottage

Skill      XL: |  1  2  3  4 |
---------------+-------------+-----
Shields        | 3 |  3.0
Fighting       | 3 |  3.0
Dodging        | 3 |  3.0
Unarmed Combat | 3 |  3.0
Throwing       | |  0.2

Action                   |  1- 3 |  4- 6 || total
-------------------------+-------+-------++-------
Melee: Unarmed           |   102 |    36 ||   138
 Stab: Sleeping          |     1 |     1 ||     2
Armor: Robe              |    38 |     7 ||    45
Dodge: Dodged            |    31 |     7 ||    38
Block: Kite shield       |    19 |    11 ||    30

Table legend: (Time is in decaauts)
 A = Elapsed time spent in this place.
 B = Non-inter-level travel time spent in this place.
 C = Inter-level travel time spent in this place.
 D = Time resting spent in this place.
 E = Time spent auto-exploring this place.
 F = Levels seen in this place.
 G = Mean time per level.
                   A        B        C        D        E       F      G
               +--------+--------+--------+--------+--------+-----+--------+
         Total |   1645 |   1575 |     70 |     12 |   1178 |   3 |  548.3 |
       Dungeon |   1645 |   1575 |     70 |     12 |   1178 |   3 |  548.3 |
               +--------+--------+--------+--------+--------+-----+--------+

Top non-repeatable levels by time:
     D:1: 858 daAuts
     D:2: 677 daAuts
     D:3: 109 daAuts
